 Dungeon Crawl Stone Soup version 0.28-a0-1213-g0243856f03 (webtiles) character file.

Game seed: 11541489444988134315

70 Gwenloh the Digger (level 4, -6/33 HPs)
             Began as a Ghoul Earth Elementalist on Dec 21, 2021.
             Mangled by an iguana (10 damage)
             ... on level 6 of the Dungeon.
             The game lasted 00:07:34 (2704 turns).

Gwenloh the Digger (Ghoul Earth Elementalist)       Turns: 2704, Time: 00:07:35

Health: -6/33      AC:  2    Str: 11    XL:     4   Next: 21%
Magic:  1/6        EV: 12    Int: 12    God:
Gold:   110        SH:  0    Dex:  9    Spells: 1/7 levels left

rFire   . . .      SeeInvis .   i - +2 dagger (vamp)
rCold   + . .      Faith    .   (no shield)
rNeg    + + +      Spirit   .   b - +0 robe
rPois   ∞          Reflect  .   (no helmet)
rElec   .          Harm     .   (no cloak)
rCorr   .          Rampage  .   (no gloves)
Will    .....                   (no boots)
Stlth   ++........              (no amulet)
HPRegen 0.00/turn               (no ring)
MPRegen 0.10/turn               (no ring)

@: inhibited regen
A: claws 1, cold resistance 1, negative energy resistance 3, inhibited
regeneration, torment resistance 2
a: no special abilities


You were on level 6 of the Dungeon.
You visited 1 branch of the dungeon, and saw 4 of its levels.

You collected 110 gold pieces.

Inventory:

Hand Weapons
 i - a +2 vampiric dagger (weapon)
Missiles
 c - 113 stones
Armour
 b - a +0 robe (worn)
Jewellery
 h - an amulet of magic regeneration
Scrolls
 a - 2 scrolls of identify {unknown}
 d - 2 scrolls of teleportation {unknown}
 e - a scroll of acquirement {unknown}
 g - 2 scrolls of torment {unknown}
Potions
 f - a potion of invisibility {unknown}
 j - a potion of lignification {unknown}


   Skills:
 + Level 0.1 Fighting
 - Level 1.8 Dodging
 - Level 2.1 Stealth
 - Level 1.5 Unarmed Combat
 + Level 2.2 Spellcasting
 + Level 0.5 Conjurations
 - Level 0.8 Transmutations
 * Level 4.4 Earth Magic


You had one spell level left.
You knew the following spells:

 Your Spells              Type           Power      Damage    Failure   Level
a - Sandblast             Erth           24%        2d8       4%          1
b - Stone Arrow           Conj/Erth      14%        3d7       28%         3
c - Passwall              Tmut/Erth      5%         N/A       14%         2

Your spell library contained the following spells:

 Spells                   Type           Power      Damage    Failure   Level
 Shock                    Conj/Air       8%         1d3       24%         1
 Blink                    Tloc           2%         N/A       38%         2
 Lesser Beckoning         Tloc           1%         N/A       63%         3
 Swiftness                Air            1%         N/A       63%         3
 Petrify                  Tmut/Erth      7%         N/A       65%         4
 Airstrike                Air            0%         N/A       95%         4
 Alistair's Intoxication  Tmut/Pois      1%         N/A       99%         5
 Malign Gateway           Summ/Tloc      0%         N/A       100%        7
 Beastly Appendage        Tmut           Unusable   N/A       N/A         1

Dungeon Overview and Level Annotations

Branches:
Dungeon (3/15)

Altars:

Shops:
D:1 [


Innate Abilities, Weirdness & Mutations

You thrive by killing the living.
You are immune to poison.
You have sharp fingernails.
Your flesh is cold resistant. (rC+)
You are immune to negative energy. (rN+++)
You do not regenerate when monsters are visible.
You are immune to unholy pain and torment.


Message History

Press: ? - help, Shift-Dir - straight line, f/p - iguana
Aim: an iguana (heavily wounded, 82% to hit)
The blast of sand hits the iguana but does no damage.
The iguana is heavily wounded.
The iguana completely misses you.
You hit the iguana but do no damage.
The iguana is heavily wounded.
The iguana closely misses you.
You hit the iguana but do no damage.
The iguana is heavily wounded.
The iguana closely misses you.
You hit the iguana.
You feel better.
The iguana is heavily wounded.
The iguana barely misses you.
You hit the iguana.
The iguana is severely wounded.
The iguana bites you.
You closely miss the iguana.
The iguana is severely wounded.
The iguana closely misses you.
You hit the iguana.
You feel better.
The iguana is severely wounded.
The iguana closely misses you.
You completely miss the iguana.
The iguana is severely wounded.
The iguana bites you!
You hit the iguana.
You feel better.
The iguana is almost dead.
The iguana bites you!
* * * LOW HITPOINT WARNING * * *
You hit the iguana but do no damage.
The iguana is almost dead.
The iguana completely misses you.
You barely miss the iguana.
The iguana is almost dead.
The iguana closely misses you.
You closely miss the iguana.
The iguana is almost dead.
The iguana bites you!
You die...

####.##
#@l...#
........##..#
...###### #


You could see an iguana.

Vanquished Creatures
  2 adders
  A worm (D:3)
  6 ball pythons
  5 endoplasms (D:1)
  A giant cockroach (D:1)
  7 goblins
  4 hobgoblins
  2 jackals (D:3)
  2 quokkas (D:2)
  3 bats
  2 frilled lizards (D:1)
  3 kobolds
  9 rats
47 creatures vanquished.

Vanquished Creatures (others)
  6 demonic plants (D:1)
  2 fungi (D:1)
  2 plants (D:1)
  6 withered plants (D:1)
16 creatures vanquished.

Grand Total: 63 creatures vanquished

Notes
Turn   | Place    | Note
-------+----------+-------------------------------------------
     0 | D:1      | Gwenloh the Ghoul Earth Elementalist began the quest for
                  | the Orb.
     0 | D:1      | Reached XP level 1. HP: 14/14 MP: 2/2
    11 | D:1      | Found a faded altar of an unknown god.
   274 | D:1      | Reached XP level 2. HP: 20/20 MP: 0/3
   277 | D:1      | Learned a level 2 spell: Passwall
   408 | D:1      | Found Ehiopery's Antique Armour Emporium.
   507 | D:1      | Reached skill level 1 in Unarmed Combat
   772 | D:1      | Reached skill level 4 in Earth Magic
   772 | D:1      | Reached XP level 3. HP: 21/26 MP: 3/5
   906 | D:1      | Learned a level 3 spell: Stone Arrow
  1009 | D:2      | Got the Guide on Transmutation and the Traveller
  2338 | D:3      | Reached XP level 4. HP: 33/33 MP: 4/6
  2686 | D:3      | You fall into a shaft and drop 3 floors!
  2704 | D:6      | Mangled by an iguana

Illustrated notes

Levels and vault maps discovered:
D:1:      dpeg_arrival_connections, layout_rooms, shapermc_ecumenical_altar_gd,
          serial_shops, shop, minmay_octomino_j4
D:2:      layout_basic
D:3:      layout_rooms, minmay_distorted
D:6:      layout_loops_ring, kennysheep_windowed_goal

Skill      XL: |  1  2 |
---------------+-------+-----
Spellcasting   | 2 |  2.2
Unarmed Combat | 1 |  1.5
Earth Magic    | 4 |  4.4
Fighting       | |  0.1
Dodging        | |  1.8
Stealth        | |  2.1
Conjurations   | |  0.5
Transmutations | |  0.8

Action                   |  1- 3 |  4- 6 || total
-------------------------+-------+-------++-------
Melee: Unarmed           |   130 |     1 ||   131
       Dagger            |       |    32 ||    32
 Cast: Sandblast         |    17 |     8 ||    25
       Stone Arrow       |     1 |       ||     1
 Stab: Sleeping          |     3 |     1 ||     4
Armor: Robe              |    16 |     5 ||    21
Dodge: Dodged            |    79 |    23 ||   102

Table legend: (Time is in decaauts)
 A = Elapsed time spent in this place.
 B = Non-inter-level travel time spent in this place.
 C = Inter-level travel time spent in this place.
 D = Time resting spent in this place.
 E = Time spent auto-exploring this place.
 F = Levels seen in this place.
 G = Mean time per level.
                   A        B        C        D        E       F      G
               +--------+--------+--------+--------+--------+-----+--------+
         Total |   2701 |   2598 |    103 |    319 |   1839 |   4 |  675.2 |
       Dungeon |   2701 |   2598 |    103 |    319 |   1839 |   4 |  675.2 |
               +--------+--------+--------+--------+--------+-----+--------+

Top non-repeatable levels by time:
     D:2: 1234 daAuts
     D:1: 934 daAuts
     D:3: 515 daAuts
     D:6: 17 daAuts
